AoeStats
← mazacua

Arabia

509289536Analyzed
2v2 RM · 7d ago on Sep 26, 2026· 65m 1s· 4 players
Game mode
Random Map
Map size
Medium (4 player)
Population
200
Speed
Normal
Resources
Standard
Victory
Conquest
Starting age
Dark Age
Ending age
Imperial Age
RankedLock teamsTeams togetherTeam positionsShared explorationLock speedFull tech treeHidden civsTurbo modeCheats
Victory
Defeat
🇸🇦 Lithuanians · Saudi Arabia
836
+12
🇹🇷 Portuguese · Türkiye
662
+19
🇲🇽 Persians · Mexico
743
-16
🇲🇽 Huns · Mexico
726
-15
mazacua
9:03 Loom
11:25 Feudal Age
12:20 Feudal Age
13:37 Double-Bit Axe
14:51 Wheelbarrow
15:11 Horse Collar
24:55 Castle Age
23:56 Fletching
25:19 Gold Mining
25:35 Pikeman
27:33 Squires
28:37 Bow Saw
30:06 Scale Barding Armor
33:20 Thumb Ring
33:41 Chain Barding Armor
33:23 Padded Archer Armor
38:59 Gold Shaft Mining
38:15 Stone Mining
38:44 Hand Cart
50:00 Imperial Age
48:10 Leather Archer Armor
47:50 Bodkin Arrow
49:29 Ballistics
54:44 Plate Barding Armor
54:11 Scale Mail Armor
54:22 Forging
54:14 Bracer
54:45 Parthian Tactics
53:56 Heavy Cavalry Archer
56:21 Halberdier
ToyModmado
12:24 Feudal Age
13:29 Double-Bit Axe
13:30 Horse Collar
17:06 Scale Barding Armor
18:00 Bloodlines
27:57 Castle Age
27:40 Forging
28:30 Husbandry
28:54 Chain Barding Armor
31:36 Iron Casting
41:41 Wheelbarrow
40:58 Gold Mining
46:50 Imperial Age
46:49 Bow Saw
46:42 Heavy Plow
46:36 Heavy Camel Rider
48:34 Plate Barding Armor
49:01 Blast Furnace
50:10 Hand Cart
50:59 Two-Man Saw
50:39 Stone Mining
51:25 Gold Shaft Mining
53:52 Caravan
55:53 Cavalier
59:22 Savar
ercinbarlas1
12:44 Feudal Age
14:21 Wheelbarrow
13:37 Double-Bit Axe
13:36 Horse Collar
21:40 Castle Age
20:09 Gold Mining
20:22 Stone Mining
22:46 Hand Cart
23:23 Pikeman
23:48 Arson
38:19 Stone Shaft Mining
43:00 Heavy Plow
43:14 Bow Saw
46:36 Imperial Age
50:06 Imperial Age
50:13 Imperial Age
52:34 Light Cavalry
53:25 Bloodlines
54:14 Elite Organ Gun
54:54 Circumnavigation
54:25 Sappers
57:17 Chemistry
56:41 Ballistics
57:18 Coinage
56:18 Halberdier
xTc
11:06 Feudal Age
16:01 Castle Age
16:38 Double-Bit Axe
22:20 Pikeman
23:24 Husbandry
23:22 Gold Mining
23:15 Horse Collar
27:23 Scale Barding Armor
32:49 Squires
33:11 Chain Barding Armor
33:02 Forging
34:46 Bow Saw
38:57 Iron Casting
50:05 Imperial Age
47:47 Heavy Plow
47:40 Stone Mining
48:59 Stone Shaft Mining
49:41 Scale Mail Armor
49:32 Elite Skirmisher
54:36 Cavalier
57:43 Padded Archer Armor
57:34 Fletching
58:54 Ballistics
59:37 Paladin
Connection lost

Rejoining the realm…

Still unreachable

The connection could not be restored.

Session expired

The server has moved on; the page needs a fresh start.